 Dungeon Crawl Stone Soup version 0.30-a0-748-ge6a52f7cba (webtiles) character file.

Game seed: 7329748290547062140

130 Newt the Shooter (level 5, -3/34 (35) HPs)
             Began as a Kobold Hunter on Feb 8, 2023.
             Slain by Crazy Yiuf
             ... wielding a +2 quarterstaff of chaos
              (5 damage)
             ... on level 3 of the Dungeon.
             The game lasted 00:02:20 (2504 turns).

Newt the Shooter (Kobold Hunter)                    Turns: 2504, Time: 00:02:21

HP:   -3/34 (35)    AC:  4    Str:  8    XL:     5   Next: 36%
MP:   10/14         EV: 14    Int: 10    God:
Gold: 135           SH:  0    Dex: 21    Spells: 4/4 levels left

rFire   . . .      SeeInvis .    h - +1 sling (freeze)
rCold   . . .      Faith    .    (no shield)
rNeg    . . .      Spirit   .    c - +1 leather armour
rPois   .          Reflect  .    (no helmet)
rElec   .          Harm     .    (no cloak)
rCorr   .          Rampage  .    (no gloves)
Will    +....                    (no boots)
Stlth   +++                      e - amulet of magic regeneration
HPRegen 0.25/turn                g - ring of magical power
MPRegen 0.54/turn                m - ring of willpower

@: hasted, lightly drained, very quick
A: small, no large weapons, nightstalker 3
a: no special abilities


You were on level 3 of the Dungeon.
You visited 1 branch of the dungeon, and saw 3 of its levels.

You collected 135 gold pieces.

Inventory:

Hand Weapons
 a - a +1 shortbow
 h - a +1 sling of freezing (weapon)
Armour
 c - a +1 leather armour (worn)
 j - an orb of guile
Jewellery
 e - an amulet of magic regeneration (around neck)
 g - a ring of magical power (left hand)
 m - a ring of willpower (right hand)
Scrolls
 b - a scroll of immolation
 i - 2 scrolls of blinking
Potions
 d - 2 potions of haste
 k - a potion of flight
 l - 2 potions of might


   Skills:
 - Level 5.0 Fighting
 + Level 6.2 Ranged Weapons
 - Level 2.4 Dodging
 - Level 1.3 Stealth


You had 4 spell levels left.
You didn't know any spells.
Your spell library contained the following spells:

 Spells                   Type           Power      Damage    Failure   Level
 Summon Guardian Golem    Hex/Summ       0%         N/A       86%         3
 Orb of Destruction       Conj           0%         9d5       100%        7
 Spellforged Servitor     Conj/Summ      0%         N/A       100%        7


Dungeon Overview and Level Annotations

Branches:
Dungeon (3/15)

Altars:

Annotations:
D:3 Crazy Yiuf


Innate Abilities, Weirdness & Mutations

You are small and have problems with some larger weapons.
You are completely attuned to the shadows.


Message History

You open the door.
Fire: h) +1 sling (freeze)
Press: ? - help, Q - select action Shift-Dir - straight line, f - Crazy Yiuf
Aim: Crazy Yiuf, wielding a +2 quarterstaff of chaos and wearing a +0 cloak (69% to hit)
You shoot a sling bullet.
The sling bullet barely misses Crazy Yiuf.
Fire: h) +1 sling (freeze)
Press: ? - help, Q - select action Shift-Dir - straight line, f/p - Crazy Yiuf
Aim: Crazy Yiuf, wielding a +2 quarterstaff of chaos and wearing a +0 cloak (69% to hit)
You shoot a sling bullet. The sling bullet hits Crazy Yiuf.
The sling bullet freezes Crazy Yiuf.
Crazy Yiuf is moderately wounded.
Crazy Yiuf yells, "Powder!"
Crazy Yiuf hits you with a +2 quarterstaff of chaos!
Crazy Yiuf burns you.
Fire: h) +1 sling (freeze)
Press: ? - help, Q - select action Shift-Dir - straight line, f/p - Crazy Yiuf
Aim: Crazy Yiuf, wielding a +2 quarterstaff of chaos and wearing a +0 cloak (moderately wounded, 69% to hit)
You shoot a sling bullet. The sling bullet hits Crazy Yiuf.
The sling bullet freezes Crazy Yiuf.
Crazy Yiuf is heavily wounded.
Fire: h) +1 sling (freeze)
Press: ? - help, Q - select action Shift-Dir - straight line, f/p - Crazy Yiuf
Aim: Crazy Yiuf, wielding a +2 quarterstaff of chaos and wearing a +0 cloak (heavily wounded, 69% to hit)
You shoot a sling bullet.
The sling bullet hits Crazy Yiuf but does no damage.
Crazy Yiuf is heavily wounded.
Crazy Yiuf glowers.
Crazy Yiuf hits you with a +2 quarterstaff of chaos!
You feel your power leaking away.
Fire: h) +1 sling (freeze)
Press: ? - help, Q - select action Shift-Dir - straight line, f/p - Crazy Yiuf
Aim: Crazy Yiuf, wielding a +2 quarterstaff of chaos and wearing a +0 cloak (heavily wounded, 69% to hit)
You shoot a sling bullet. The sling bullet hits Crazy Yiuf.
The sling bullet freezes Crazy Yiuf.
Crazy Yiuf is severely wounded.
Crazy Yiuf hits you with a +2 quarterstaff of chaos!
* * * LOW HITPOINT WARNING * * *
You feel drained.
You die...

#..)# ######
#.#.# #...#
#....# #.#.#
... #....#
#.#.# #g#
#####....###
#.#.# ♣♣@♣
#...........
###.#.######
♣.♣♣
#####....###
...........#
♣♣.♣
#.[.#.......
.##.#.######
♣.♣♣
###.#.######
.#.>.......#
♣♣.♣♣
#...........
.#....###.##
♣...♣♣
###.##.#####
.#..#.###.##
♣....♣
###.##.#####
.#..#......#
#....#
#...........
.#..#.###.##
#....#
###.##......


You could see Crazy Yiuf.

Vanquished Creatures
  Robin (D:2)
  7 adders
  A worm (D:3)
  2 orcs
  2 endoplasms (D:2)
  14 goblins
  5 hobgoblins
  7 kobolds
  2 quokkas
  3 ball pythons
  4 frilled lizards
  5 rats
53 creatures vanquished.

Vanquished Creatures (others)
  4 toadstools (D:1)
4 creatures vanquished.

Grand Total: 57 creatures vanquished

Notes
Turn   | Place    | Note
-------+----------+-------------------------------------------
     0 | D:1      | Newt the Kobold Hunter began the quest for the Orb.
     0 | D:1      | Reached XP level 1. HP: 12/12 MP: 1/1
    59 | D:1      | Reached XP level 2. HP: 18/18 MP: 2/2
  1126 | D:2      | Reached XP level 3. HP: 22/23 MP: 3/3
  1185 | D:2      | Noticed Robin
  1208 | D:2      | Killed Robin
  1209 | D:2      | Reached XP level 4. HP: 28/30 MP: 4/4
  1996 | D:2      | Reached skill level 5 in Fighting
  2260 | D:3      | Reached XP level 5. HP: 35/35 MP: 5/5
  2266 | D:3      | Found a faded altar of an unknown god.
  2287 | D:3      | Reached skill level 6 in Ranged Weapons
  2494 | D:3      | Found a runed translucent door.
  2497 | D:3      | Noticed Crazy Yiuf
  2504 | D:3      | Slain by Crazy Yiuf

Illustrated notes

Levels and vault maps discovered:
D:1:      ldierk_walled_garden_2, layout_basic
D:2:      layout_basic, kennysheep_generic_room_9, uniq_robin
D:3:      layout_basic, nicolae_ecumenical_snake_handling,
          kennysheep_generic_room_14, uniq_crazy_yiuf_cottage

Skill      XL: |  1  2  3  4  5 |
---------------+----------------+-----
Fighting       | 3 4 5 |  5.0
Ranged Weapons | 6 |  6.2
Dodging        | |  2.4
Stealth        | |  1.3

Action                     |  1- 3 |  4- 6 || total
---------------------------+-------+-------++-------
   Fire: Shortbow          |    69 |     8 ||    77
         Sling             |       |    75 ||    75
    Use: Scroll            |     6 |     4 ||    10
         Potion            |     1 |     2 ||     3
 Armour: Leather armour    |     7 |     3 ||    10
  Dodge: Dodged            |    26 |    48 ||    74

Table legend: (Time is in decaauts)
 A = Elapsed time spent in this place.
 B = Non-inter-level travel time spent in this place.
 C = Inter-level travel time spent in this place.
 D = Time resting spent in this place.
 E = Time spent auto-exploring this place.
 F = Levels seen in this place.
 G = Mean time per level.
                   A        B        C        D        E       F      G
               +--------+--------+--------+--------+--------+-----+--------+
         Total |   2542 |   2474 |     68 |    531 |   1611 |   3 |  847.3 |
       Dungeon |   2542 |   2474 |     68 |    531 |   1611 |   3 |  847.3 |
               +--------+--------+--------+--------+--------+-----+--------+

Top non-repeatable levels by time:
     D:2: 1167 daAuts
     D:1: 904 daAuts
     D:3: 470 daAuts
